Connexion

LOS ANGELES Kings vs ARIZONA Coyotes (R2)

Created - 8 mars 2024 at 10:40

Goals
1 2 3 T
LOS ANGELES Kings 1 1 0 2
ARIZONA Coyotes 2 0 2 4
Shots
1 2 3 T
LOS ANGELES Kings 9 9 5 23
ARIZONA Coyotes 10 10 7 27

GoalsPenalties
1st period
1. ARIZONA Coyotes , Dougie Hamilton 11 (Sonny Milano 17, Brock Nelson 20) at 5:01
2. ARIZONA Coyotes , Sean Durzi 10 (Brayden Point 49, Timo Meier 28) at 6:15 (PP)
3. LOS ANGELES Kings , Jakob Silfverberg 22 (Chandler Stephenson 30, Mika Zibanejad 31) at 12:09
Thomas Chabot (L.A) for Roughing (Minor) at 2:34
Olli Maatta (L.A) for High sticking (Minor) at 5:19
Olli Maatta (L.A) for Slashing (Minor) at 13:13
Timo Meier (ARI) for Interference (Minor) at 14:39
Tucker Poolman (ARI) for Roughing (Minor) at 18:49
2nd period
4. LOS ANGELES Kings , Brayden Schenn 23 (Jason Zucker 43, Mats Zuccarello 37) at 0:32 (PP)
Dougie Hamilton (ARI) for High sticking (Minor) at 0:08
Brayden Schenn (L.A) for High sticking (Minor) at 2:10
3rd period
5. ARIZONA Coyotes , Brayden Point 25 (Timo Meier 29, Sean Durzi 32) at 17:08
6. ARIZONA Coyotes , Dougie Hamilton 12 (Nazem Kadri 52, Victor Olofsson 25) at 17:46
Sean Durzi (ARI) for High sticking (Minor) at 0:25
Dougie Hamilton (ARI) for High sticking (Minor) at 2:50
Arber Xhekaj (L.A) for Delaying the game (Minor) at 5:50
Justin Abdelkader (ARI) for Slashing (Minor) at 11:29
Tucker Poolman (ARI) for Interference (Minor) at 13:40
Goalie Stats
Samuel Montembeault (L.A), 23 saves from 27 shots - (0,852), L, 27-24-3, 60:00 minutes
Andrei Vasilevsky (ARI), 21 saves from 23 shots - (0,913), W, 30-20-1, 60:00 minutes
3 StarsOfficial
1 - Dougie Hamilton (ARI)
2 - Brayden Point (ARI)
3 - Sean Durzi (ARI)
Referees : Mike Leggo and Steve Kozari
Linesman : Ryan Galloway and David Brisebois
Game Note
No Game Note
Finance
Level 1 -- Attendance: 5648 (94,13%) -- Ticket Income $779,424
Level 2 -- Attendance: 3572 (86,59%) -- Ticket Income $364,344
Level 3 -- Attendance: 1995 (99,75%) -- Ticket Income $113,715
Level 4 -- Attendance: 4000 (100,00%) -- Ticket Income $156,000
Luxury Box -- Attendance: 988 (98,80%) -- Ticket Income $254,904
Game was played at the Jobing.com Arena.
Total Attendance: 16203 (94,62%)
Total Ticket Income: $1,668,387
Other Income: $333,677
Total Income: $2,002,064



Team Name Goals Shots Shots Attemp Shots Blocked PIM HIT PP PK FO%
LOS ANGELES Kings 22347710181 / 7 (14%)143%
ARIZONA Coyotes 42759714221 / 5 (20%)157%

LOS ANGELES Kings
Player Name POS G A P +/- PIM HIT SHT SB MP PP MP PP SHT PK MP PK SHT FO% FOT
Aaron EkbladD000-2020021:045:4200:0000% 0
Arber XhekajD0001211014:470:1503:0800% 0
Axel Jonsson FjallbyLW000001005:450:0000:000100% 1
Brayden SchennC/LW/RW101-1223121:346:2834:05050% 22
Brock McGinnLW/RW0000001011:360:0000:0000% 0
Calen AddisonD000-1000222:066:4302:4300% 0
Chandler StephensonC/LW011-1023019:446:1222:54042% 24
Derek ForbortD0001010315:510:1504:3700% 0
Jakob SilfverbergLW/RW101-1002116:506:1200:0000% 1
Jason ZuckerLW/RW011-1033023:066:2815:36036% 11
Mats ZuccarelloLW/RW011-1002019:306:2812:3300% 0
Mika ZibanejadC/LW/RW011-1003016:506:1210:0000% 0
Nick BoninoC/LW000000005:450:0000:0000% 0
Nick FolignoC/LW/RW0000012011:360:0000:0000% 0
Nicolas RoyC0000000013:060:0001:30040% 10
Olli MaattaD000-1421021:406:4302:1900% 0
Ryan PoehlingC000000005:450:0000:00040% 5
Thomas ChabotD000-2232024:285:4213:5100% 0
ARIZONA Coyotes
Player Name POS G A P +/- PIM HIT SHT SB MP PP MP PP SHT PK MP PK SHT FO% FOT
Braden SchneiderD0000030012:000:0000:3500% 0
Brayden PointC/RW1121012020:224:3203:55054% 28
Brock NelsonC0111000012:270:0000:00067% 12
Carl HagelinLW/RW000000000:380:0000:3800% 0
Dillon DubeC/LW/RW000001004:010:0000:3200% 0
Dougie HamiltonD2021423422:593:4414:1600% 0
Justin AbdelkaderC/LW0001214012:260:0000:0000% 0
Klim KostinC000000003:290:0000:00020% 5
Madison BoweyD0001032022:504:0126:1300% 0
Matt BoldyLW/RW0001001015:093:4700:000100% 1
Matthew TkachukLW/RW0000043022:403:4727:4310% 1
Nazem KadriC/LW/RW0110001123:043:4708:07067% 24
Sean DurziD1121202021:554:3524:1200% 0
Sonny MilanoLW/RW0111001013:000:0000:0000% 1
Timo MeierLW/RW0221232023:234:3114:010100% 1
Tucker PoolmanD0000420115:570:3404:0000% 0
Victor OlofssonLW/RW0110002015:424:3210:0000% 1
Vince DunnD0001024124:143:4436:0310% 0



Play-by-Play

1st period


0:01 of 1st period - Brayden Point wins face-off versus Brayden Schenn in neutral zone.
0:01 of 1st period - Timo Meier is hit by Jason Zucker and loses puck.
0:12 of 1st period - Shot by Jason Zucker.
0:12 of 1st period - Stopped by Andrei Vasilevsky without a rebound.
0:13 of 1st period - Chandler Stephenson wins face-off versus Nazem Kadri in ARIZONA Coyotes zone.
0:42 of 1st period - Shot by Chandler Stephenson.
0:42 of 1st period - Stopped by Andrei Vasilevsky with a rebound.
0:44 of 1st period - Shot by Calen Addison.
0:44 of 1st period - Shot Misses the Net.
1:37 of 1st period - Icing by Arber Xhekaj.
1:38 of 1st period - Brock Nelson wins face-off versus Nicolas Roy in LOS ANGELES Kings zone.
2:08 of 1st period - Vince Dunn is hit by Aaron Ekblad and loses puck.
2:34 of 1st period - Minor Penalty to Thomas Chabot for Roughing.
2:35 of 1st period - Jason Zucker wins face-off versus Brayden Point in LOS ANGELES Kings zone.
3:00 of 1st period - Shot by Timo Meier.
3:00 of 1st period - Shot Misses the Net.
3:02 of 1st period - Shot by Timo Meier.
3:02 of 1st period - Shot Blocked by Derek Forbort.
3:04 of 1st period - Shot by Timo Meier.
3:04 of 1st period - Stopped by Samuel Montembeault without a rebound.
3:05 of 1st period - Nazem Kadri wins face-off versus Chandler Stephenson in LOS ANGELES Kings zone.
3:07 of 1st period - Matthew Tkachuk is hit by Arber Xhekaj.
3:11 of 1st period - Shot by Matthew Tkachuk.
3:11 of 1st period - Stopped by Samuel Montembeault without a rebound.
3:12 of 1st period - Chandler Stephenson wins face-off versus Matthew Tkachuk in LOS ANGELES Kings zone.
3:23 of 1st period - Shot by Vince Dunn.
3:23 of 1st period - Shot Misses the Net.
3:45 of 1st period - Shot by Nazem Kadri.
3:45 of 1st period - Shot Misses the Net.
3:47 of 1st period - Shot by Dougie Hamilton.
3:47 of 1st period - Stopped by Samuel Montembeault without a rebound.
3:48 of 1st period - Brayden Point wins face-off versus Jason Zucker in LOS ANGELES Kings zone.
3:49 of 1st period - Shot by Sean Durzi.
3:49 of 1st period - Stopped by Samuel Montembeault without a rebound.
3:50 of 1st period - Jason Zucker wins face-off versus Brayden Point in LOS ANGELES Kings zone.
3:50 of 1st period - Jason Zucker is hit by Brayden Point.
4:46 of 1st period - Dougie Hamilton is hit by Chandler Stephenson and loses puck.
4:57 of 1st period - Shot by Brock Nelson.
4:57 of 1st period - Deflect By Sonny Milano.
4:57 of 1st period - Shot Misses the Net.
4:59 of 1st period - Shot by Sonny Milano.
4:59 of 1st period - Stopped by Samuel Montembeault with a rebound.
5:01 of 1st period - Shot by Dougie Hamilton.
5:01 of 1st period - Goal by Dougie Hamilton - LOS ANGELES Kings : 0 - ARIZONA Coyotes : 1.
5:02 of 1st period - Ryan Poehling wins face-off versus Klim Kostin in neutral zone.
5:02 of 1st period - Calen Addison is hit by Dillon Dube and loses puck.
5:19 of 1st period - Minor Penalty to Olli Maatta for High sticking.
5:20 of 1st period - Nazem Kadri wins face-off versus Jason Zucker in LOS ANGELES Kings zone.
5:37 of 1st period - Shot by Dougie Hamilton.
5:37 of 1st period - Shot Blocked by Calen Addison.
5:39 of 1st period - Shot by Dougie Hamilton.
5:39 of 1st period - Shot Blocked by Brayden Schenn.
5:41 of 1st period - Shot by Dougie Hamilton.
5:41 of 1st period - Shot Blocked by Calen Addison.
5:58 of 1st period - Shot by Vince Dunn.
5:58 of 1st period - Stopped by Samuel Montembeault without a rebound.
5:59 of 1st period - Brayden Point wins face-off versus Chandler Stephenson in LOS ANGELES Kings zone.
6:02 of 1st period - Shot by Madison Bowey.
6:02 of 1st period - Stopped by Samuel Montembeault without a rebound.
6:03 of 1st period - Chandler Stephenson wins face-off versus Brayden Point in LOS ANGELES Kings zone.
6:03 of 1st period - Chandler Stephenson is hit by Timo Meier.
6:15 of 1st period - Shot by Sean Durzi.
6:15 of 1st period - Goal by Sean Durzi - LOS ANGELES Kings : 0 - ARIZONA Coyotes : 2.
6:16 of 1st period - Brayden Point wins face-off versus Ryan Poehling in neutral zone.
6:35 of 1st period - Shot by Matt Boldy.
6:35 of 1st period - Shot Misses the Net.
6:55 of 1st period - Shot by Ryan Poehling.
6:55 of 1st period - Shot Blocked by Dougie Hamilton.
6:59 of 1st period - Shot by Nick Bonino.
6:59 of 1st period - Shot Blocked by Dougie Hamilton.
7:34 of 1st period - Brayden Schenn is hit by Madison Bowey and loses puck.
8:18 of 1st period - Shot by Mika Zibanejad.
8:18 of 1st period - Stopped by Andrei Vasilevsky without a rebound.
8:19 of 1st period - Brock Nelson wins face-off versus Nicolas Roy in ARIZONA Coyotes zone.
8:40 of 1st period - Nicolas Roy is hit by Braden Schneider and loses puck.
8:56 of 1st period - Icing by Tucker Poolman.
8:57 of 1st period - Brayden Schenn wins face-off versus Brock Nelson in ARIZONA Coyotes zone.
8:57 of 1st period - Brayden Schenn is hit by Braden Schneider.
9:10 of 1st period - Icing by Braden Schneider.
9:11 of 1st period - Chandler Stephenson wins face-off versus Brock Nelson in ARIZONA Coyotes zone.
9:11 of 1st period - Mika Zibanejad is hit by Tucker Poolman and loses puck.
9:53 of 1st period - Shot by Chandler Stephenson.
9:53 of 1st period - Shot Misses the Net.
10:10 of 1st period - Timo Meier is hit by Jason Zucker and loses puck.
10:25 of 1st period - Mats Zuccarello is hit by Madison Bowey and loses puck.
11:28 of 1st period - Shot by Nick Foligno.
11:28 of 1st period - Stopped by Andrei Vasilevsky without a rebound.
11:29 of 1st period - Chandler Stephenson wins face-off versus Nazem Kadri in ARIZONA Coyotes zone.
11:42 of 1st period - Shot by Jakob Silfverberg.
11:42 of 1st period - Shot Misses the Net.
12:09 of 1st period - Shot by Jakob Silfverberg.
12:09 of 1st period - Goal by Jakob Silfverberg - LOS ANGELES Kings : 1 - ARIZONA Coyotes : 2.
12:10 of 1st period - Brock Nelson wins face-off versus Brayden Schenn in neutral zone.
12:23 of 1st period - Shot by Mats Zuccarello.
12:23 of 1st period - Stopped by Andrei Vasilevsky without a rebound.
12:24 of 1st period - Brock Nelson wins face-off versus Nicolas Roy in ARIZONA Coyotes zone.
12:24 of 1st period - Brock Nelson is hit by Nick Foligno.
13:13 of 1st period - Minor Penalty to Olli Maatta for Slashing.
13:14 of 1st period - Nazem Kadri wins face-off versus Jason Zucker in LOS ANGELES Kings zone.
13:16 of 1st period - Matthew Tkachuk is hit by Thomas Chabot and loses puck.
13:45 of 1st period - Shot by Dougie Hamilton.
13:45 of 1st period - Shot Misses the Net.
13:47 of 1st period - Shot by Dougie Hamilton.
13:47 of 1st period - Shot Misses the Net.
13:49 of 1st period - Shot by Vince Dunn.
13:49 of 1st period - Shot Misses the Net.
13:51 of 1st period - Shot by Matthew Tkachuk.
13:51 of 1st period - Deflect By Matt Boldy.
13:51 of 1st period - Shot Misses the Net.
13:53 of 1st period - Shot by Matthew Tkachuk.
13:53 of 1st period - Stopped by Samuel Montembeault without a rebound.
13:54 of 1st period - Chandler Stephenson wins face-off versus Brayden Point in LOS ANGELES Kings zone.
13:54 of 1st period - Chandler Stephenson is hit by Timo Meier.
14:39 of 1st period - Minor Penalty to Timo Meier for Interference.
14:40 of 1st period - Jason Zucker wins face-off versus Sonny Milano in ARIZONA Coyotes zone.
14:40 of 1st period - Thomas Chabot is hit by Dougie Hamilton and loses puck.
15:29 of 1st period - Shot by Olli Maatta.
15:29 of 1st period - Shot Misses the Net.
15:47 of 1st period - Calen Addison is hit by Matthew Tkachuk and loses puck.
16:24 of 1st period - Shot by Jason Zucker.
16:24 of 1st period - Shot Blocked by Vince Dunn.
16:26 of 1st period - Shot by Thomas Chabot.
16:26 of 1st period - Shot Misses the Net.
16:30 of 1st period - Shot by Brayden Schenn.
16:30 of 1st period - Stopped by Andrei Vasilevsky without a rebound.
16:31 of 1st period - Nazem Kadri wins face-off versus Jakob Silfverberg in ARIZONA Coyotes zone.
16:51 of 1st period - Shot by Axel Jonsson Fjallby.
16:51 of 1st period - Shot Misses the Net.
16:53 of 1st period - Shot by Axel Jonsson Fjallby.
16:53 of 1st period - Shot Misses the Net.
16:55 of 1st period - Shot by Arber Xhekaj.
16:55 of 1st period - Stopped by Andrei Vasilevsky without a rebound.
16:56 of 1st period - Nicolas Roy wins face-off versus Brayden Point in ARIZONA Coyotes zone.
17:17 of 1st period - Shot by Brock McGinn.
17:17 of 1st period - Stopped by Andrei Vasilevsky with a rebound.
18:43 of 1st period - Brock Nelson is hit by Olli Maatta and loses puck.
18:49 of 1st period - Minor Penalty to Tucker Poolman for Roughing.
18:50 of 1st period - Brayden Point wins face-off versus Brayden Schenn in ARIZONA Coyotes zone.
18:50 of 1st period - Brayden Point is hit by Brayden Schenn.
19:55 of 1st period - Chandler Stephenson is hit by Madison Bowey and loses puck.
Goals for this period are 1 for LOS ANGELES Kings vs 2 for ARIZONA Coyotes .
Shots for this period are 9 for LOS ANGELES Kings vs 10 for ARIZONA Coyotes .

2nd period


0:01 of 2nd period - Brayden Schenn wins face-off versus Nazem Kadri in neutral zone.
0:07 of 2nd period - Jason Zucker is hit by Dougie Hamilton.
0:08 of 2nd period - Minor Penalty to Dougie Hamilton for High sticking.
0:09 of 2nd period - Brayden Schenn wins face-off versus Nazem Kadri in ARIZONA Coyotes zone.
0:32 of 2nd period - Shot by Brayden Schenn.
0:32 of 2nd period - Goal by Brayden Schenn - LOS ANGELES Kings : 2 - ARIZONA Coyotes : 2.
0:33 of 2nd period - Nazem Kadri wins face-off versus Chandler Stephenson in neutral zone.
0:50 of 2nd period - Shot by Chandler Stephenson.
0:50 of 2nd period - Stopped by Andrei Vasilevsky with a rebound.
1:06 of 2nd period - Shot by Mika Zibanejad.
1:06 of 2nd period - Stopped by Andrei Vasilevsky without a rebound.
1:07 of 2nd period - Nazem Kadri wins face-off versus Brayden Schenn in ARIZONA Coyotes zone.
1:24 of 2nd period - Shot by Matthew Tkachuk.
1:24 of 2nd period - Shot Misses the Net.
1:26 of 2nd period - Shot by Matthew Tkachuk.
1:26 of 2nd period - Stopped by Samuel Montembeault with a rebound.
1:28 of 2nd period - Shot by Vince Dunn.
1:28 of 2nd period - Stopped by Samuel Montembeault without a rebound.
1:29 of 2nd period - Brayden Point wins face-off versus Chandler Stephenson in LOS ANGELES Kings zone.
2:01 of 2nd period - Calen Addison is hit by Matthew Tkachuk and loses puck.
2:10 of 2nd period - Minor Penalty to Brayden Schenn for High sticking.
2:11 of 2nd period - Brayden Point wins face-off versus Jason Zucker in LOS ANGELES Kings zone.
2:18 of 2nd period - Shot by Brayden Point.
2:18 of 2nd period - Shot Misses the Net.
2:20 of 2nd period - Shot by Vince Dunn.
2:20 of 2nd period - Stopped by Samuel Montembeault with a rebound.
2:38 of 2nd period - Shot by Victor Olofsson.
2:38 of 2nd period - Stopped by Samuel Montembeault without a rebound.
2:39 of 2nd period - Nazem Kadri wins face-off versus Jason Zucker in LOS ANGELES Kings zone.
2:51 of 2nd period - Icing by Matt Boldy.
2:52 of 2nd period - Jason Zucker wins face-off versus Nazem Kadri in ARIZONA Coyotes zone.
3:01 of 2nd period - Shot by Matthew Tkachuk.
3:01 of 2nd period - Shot Misses the Net.
3:03 of 2nd period - Shot by Madison Bowey.
3:03 of 2nd period - Shot Blocked by Derek Forbort.
3:05 of 2nd period - Shot by Nazem Kadri.
3:05 of 2nd period - Shot Misses the Net.
3:27 of 2nd period - Shot by Madison Bowey.
3:27 of 2nd period - Stopped by Samuel Montembeault with a rebound.
3:51 of 2nd period - Shot by Vince Dunn.
3:51 of 2nd period - Stopped by Samuel Montembeault without a rebound.
3:52 of 2nd period - Brayden Point wins face-off versus Jason Zucker in LOS ANGELES Kings zone.
4:10 of 2nd period - Timo Meier is hit by Olli Maatta and loses puck.
4:18 of 2nd period - Icing by Nick Bonino.
4:19 of 2nd period - Brock Nelson wins face-off versus Ryan Poehling in LOS ANGELES Kings zone.
4:26 of 2nd period - Shot by Justin Abdelkader.
4:26 of 2nd period - Stopped by Samuel Montembeault without a rebound.
4:27 of 2nd period - Matt Boldy wins face-off versus Chandler Stephenson in LOS ANGELES Kings zone.
4:28 of 2nd period - Shot by Timo Meier.
4:28 of 2nd period - Stopped by Samuel Montembeault without a rebound.
4:29 of 2nd period - Chandler Stephenson wins face-off versus Brayden Point in LOS ANGELES Kings zone.
4:33 of 2nd period - Icing by Thomas Chabot.
4:34 of 2nd period - Brayden Point wins face-off versus Chandler Stephenson in LOS ANGELES Kings zone.
4:34 of 2nd period - Dougie Hamilton is hit by Aaron Ekblad and loses puck.
5:03 of 2nd period - Shot by Chandler Stephenson.
5:03 of 2nd period - Shot Misses the Net.
5:05 of 2nd period - Shot by Chandler Stephenson.
5:05 of 2nd period - Shot Misses the Net.
5:07 of 2nd period - Shot by Thomas Chabot.
5:07 of 2nd period - Stopped by Andrei Vasilevsky with a rebound.
7:40 of 2nd period - Sonny Milano is hit by Thomas Chabot and loses puck.
8:35 of 2nd period - Shot by Nazem Kadri.
8:35 of 2nd period - Stopped by Samuel Montembeault without a rebound.
8:36 of 2nd period - Brayden Schenn wins face-off versus Nazem Kadri in LOS ANGELES Kings zone.
8:36 of 2nd period - Brayden Schenn is hit by Matthew Tkachuk.
8:43 of 2nd period - Off-side.
8:44 of 2nd period - Brayden Schenn wins face-off versus Brock Nelson in neutral zone.
8:55 of 2nd period - Brayden Schenn is hit by Justin Abdelkader and loses puck.
9:28 of 2nd period - Shot by Jason Zucker.
9:28 of 2nd period - Shot Blocked by Tucker Poolman.
9:47 of 2nd period - Icing by Jakob Silfverberg.
9:48 of 2nd period - Nazem Kadri wins face-off versus Chandler Stephenson in LOS ANGELES Kings zone.
9:53 of 2nd period - Shot by Victor Olofsson.
9:53 of 2nd period - Shot Misses the Net.
10:03 of 2nd period - Thomas Chabot is hit by Matthew Tkachuk and loses puck.
10:14 of 2nd period - Shot by Chandler Stephenson.
10:14 of 2nd period - Shot Misses the Net.
10:16 of 2nd period - Shot by Thomas Chabot.
10:16 of 2nd period - Shot Misses the Net.
10:18 of 2nd period - Shot by Jakob Silfverberg.
10:18 of 2nd period - Stopped by Andrei Vasilevsky without a rebound.
10:19 of 2nd period - Axel Jonsson Fjallby wins face-off versus Brayden Point in ARIZONA Coyotes zone.
10:56 of 2nd period - Shot by Olli Maatta.
10:56 of 2nd period - Stopped by Andrei Vasilevsky without a rebound.
10:57 of 2nd period - Nazem Kadri wins face-off versus Brayden Schenn in ARIZONA Coyotes zone.
10:57 of 2nd period - Nazem Kadri is hit by Brayden Schenn.
11:42 of 2nd period - Off-side.
11:43 of 2nd period - Brayden Point wins face-off versus Chandler Stephenson in neutral zone.
12:32 of 2nd period - Jakob Silfverberg is hit by Timo Meier and loses puck.
12:54 of 2nd period - Derek Forbort is hit by Braden Schneider and loses puck.
13:04 of 2nd period - Off-side.
13:05 of 2nd period - Brayden Schenn wins face-off versus Victor Olofsson in neutral zone.
13:31 of 2nd period - Dougie Hamilton is hit by Thomas Chabot.
14:13 of 2nd period - Shot by Nicolas Roy.
14:13 of 2nd period - Shot Misses the Net.
14:15 of 2nd period - Shot by Nick Foligno.
14:15 of 2nd period - Stopped by Andrei Vasilevsky without a rebound.
14:16 of 2nd period - Brayden Point wins face-off versus Ryan Poehling in ARIZONA Coyotes zone.
14:16 of 2nd period - Brayden Point is hit by Axel Jonsson Fjallby.
14:51 of 2nd period - Shot by Matt Boldy.
14:51 of 2nd period - Shot Misses the Net.
15:27 of 2nd period - Shot by Mika Zibanejad.
15:27 of 2nd period - Stopped by Andrei Vasilevsky without a rebound.
15:28 of 2nd period - Brayden Schenn wins face-off versus Klim Kostin in ARIZONA Coyotes zone.
15:28 of 2nd period - Mats Zuccarello is hit by Vince Dunn and loses puck.
15:44 of 2nd period - Shot by Jason Zucker.
15:44 of 2nd period - Stopped by Andrei Vasilevsky without a rebound.
15:45 of 2nd period - Nazem Kadri wins face-off versus Chandler Stephenson in ARIZONA Coyotes zone.
16:04 of 2nd period - Shot by Matthew Tkachuk.
16:04 of 2nd period - Deflect By Victor Olofsson.
16:04 of 2nd period - Shot Misses the Net.
16:59 of 2nd period - Shot by Justin Abdelkader.
16:59 of 2nd period - Shot Blocked by Jakob Silfverberg.
18:36 of 2nd period - Shot by Victor Olofsson.
18:36 of 2nd period - Stopped by Samuel Montembeault without a rebound.
18:37 of 2nd period - Ryan Poehling wins face-off versus Klim Kostin in LOS ANGELES Kings zone.
19:11 of 2nd period - Icing by Dougie Hamilton.
19:12 of 2nd period - Nicolas Roy wins face-off versus Klim Kostin in ARIZONA Coyotes zone.
19:12 of 2nd period - Calen Addison is hit by Vince Dunn and loses puck.
Goals for this period are 1 for LOS ANGELES Kings vs 0 for ARIZONA Coyotes .
Shots for this period are 9 for LOS ANGELES Kings vs 10 for ARIZONA Coyotes .

3rd period


0:01 of 3rd period - Brayden Schenn wins face-off versus Brayden Point in neutral zone.
0:25 of 3rd period - Minor Penalty to Sean Durzi for High sticking.
0:26 of 3rd period - Nazem Kadri wins face-off versus Chandler Stephenson in ARIZONA Coyotes zone.
1:29 of 3rd period - Shot by Thomas Chabot.
1:29 of 3rd period - Stopped by Andrei Vasilevsky without a rebound.
1:30 of 3rd period - Brayden Point wins face-off versus Brayden Schenn in ARIZONA Coyotes zone.
1:59 of 3rd period - Shot by Mats Zuccarello.
1:59 of 3rd period - Stopped by Andrei Vasilevsky without a rebound.
2:00 of 3rd period - Brayden Point wins face-off versus Chandler Stephenson in ARIZONA Coyotes zone.
2:11 of 3rd period - Shot by Calen Addison.
2:11 of 3rd period - Shot Misses the Net.
2:13 of 3rd period - Shot by Calen Addison.
2:13 of 3rd period - Shot Blocked by Nazem Kadri.
2:15 of 3rd period - Shot by Chandler Stephenson.
2:15 of 3rd period - Stopped by Andrei Vasilevsky without a rebound.
2:16 of 3rd period - Brayden Schenn wins face-off versus Brayden Point in ARIZONA Coyotes zone.
2:23 of 3rd period - Shot by Brayden Schenn.
2:23 of 3rd period - Stopped by Andrei Vasilevsky without a rebound.
2:24 of 3rd period - Nazem Kadri wins face-off versus Chandler Stephenson in ARIZONA Coyotes zone.
2:24 of 3rd period - Matthew Tkachuk is hit by Chandler Stephenson and loses puck.
2:39 of 3rd period - Shot by Brock McGinn.
2:39 of 3rd period - Shot Misses the Net.
2:50 of 3rd period - Minor Penalty to Dougie Hamilton for High sticking.
2:51 of 3rd period - Nazem Kadri wins face-off versus Brayden Schenn in ARIZONA Coyotes zone.
3:32 of 3rd period - Jason Zucker is hit by Tucker Poolman and loses puck.
4:02 of 3rd period - Icing by Calen Addison.
4:03 of 3rd period - Chandler Stephenson wins face-off versus Brayden Point in LOS ANGELES Kings zone.
5:09 of 3rd period - Shot by Sonny Milano.
5:09 of 3rd period - Shot Misses the Net.
5:50 of 3rd period - Minor Penalty to Arber Xhekaj for Delaying the game.
5:51 of 3rd period - Brayden Point wins face-off versus Jason Zucker in LOS ANGELES Kings zone.
6:43 of 3rd period - Shot by Vince Dunn.
6:43 of 3rd period - Deflect By Matthew Tkachuk.
6:43 of 3rd period - Shot Misses the Net.
8:57 of 3rd period - Off-side.
8:58 of 3rd period - Klim Kostin wins face-off versus Brayden Schenn in neutral zone.
10:01 of 3rd period - Shot by Chandler Stephenson.
10:01 of 3rd period - Shot Misses the Net.
10:26 of 3rd period - Off-side.
10:27 of 3rd period - Nicolas Roy wins face-off versus Brock Nelson in neutral zone.
11:29 of 3rd period - Minor Penalty to Justin Abdelkader for Slashing.
11:30 of 3rd period - Nazem Kadri wins face-off versus Brayden Schenn in ARIZONA Coyotes zone.
11:30 of 3rd period - Nazem Kadri is hit by Jason Zucker.
11:37 of 3rd period - Icing by Aaron Ekblad.
11:38 of 3rd period - Brayden Schenn wins face-off versus Nazem Kadri in LOS ANGELES Kings zone.
12:12 of 3rd period - Shot by Aaron Ekblad.
12:12 of 3rd period - Shot Misses the Net.
13:17 of 3rd period - Icing by Mika Zibanejad.
13:18 of 3rd period - Brayden Point wins face-off versus Chandler Stephenson in LOS ANGELES Kings zone.
13:40 of 3rd period - Minor Penalty to Tucker Poolman for Interference.
13:41 of 3rd period - Nazem Kadri wins face-off versus Brayden Schenn in ARIZONA Coyotes zone.
14:00 of 3rd period - Shot by Thomas Chabot.
14:00 of 3rd period - Shot Blocked by Dougie Hamilton.
14:02 of 3rd period - Shot by Mats Zuccarello.
14:02 of 3rd period - Shot Blocked by Dougie Hamilton.
14:15 of 3rd period - Shot by Jason Zucker.
14:15 of 3rd period - Stopped by Andrei Vasilevsky with a rebound.
15:48 of 3rd period - Off-side.
15:49 of 3rd period - Brock Nelson wins face-off versus Nicolas Roy in neutral zone.
16:28 of 3rd period - Shot by Justin Abdelkader.
16:28 of 3rd period - Shot Misses the Net.
16:37 of 3rd period - Icing by Brock McGinn.
16:38 of 3rd period - Nicolas Roy wins face-off versus Brayden Point in LOS ANGELES Kings zone.
16:46 of 3rd period - Icing by Madison Bowey.
16:47 of 3rd period - Chandler Stephenson wins face-off versus Brayden Point in ARIZONA Coyotes zone.
17:08 of 3rd period - Shot by Timo Meier.
17:08 of 3rd period - Deflect By Brayden Point.
17:08 of 3rd period - Goal by Brayden Point - LOS ANGELES Kings : 2 - ARIZONA Coyotes : 3.
17:09 of 3rd period - Nazem Kadri wins face-off versus Brayden Schenn in neutral zone.
17:20 of 3rd period - Shot by Matthew Tkachuk.
17:20 of 3rd period - Shot Misses the Net.
17:22 of 3rd period - Shot by Vince Dunn.
17:22 of 3rd period - Shot Misses the Net.
17:40 of 3rd period - Shot by Victor Olofsson.
17:40 of 3rd period - Shot Hit the Post.
17:44 of 3rd period - Shot by Nazem Kadri.
17:44 of 3rd period - Shot Misses the Net.
17:46 of 3rd period - Shot by Dougie Hamilton.
17:46 of 3rd period - The goal is going for a video replay.
17:46 of 3rd period - The goal is good.
17:46 of 3rd period - Goal by Dougie Hamilton - LOS ANGELES Kings : 2 - ARIZONA Coyotes : 4.
17:47 of 3rd period - Chandler Stephenson wins face-off versus Brayden Point in neutral zone.
18:04 of 3rd period - Shot by Matt Boldy.
18:04 of 3rd period - Stopped by Samuel Montembeault without a rebound.
18:05 of 3rd period - Brock Nelson wins face-off versus Nicolas Roy in LOS ANGELES Kings zone.
18:05 of 3rd period - Tucker Poolman is hit by Derek Forbort and loses puck.
18:12 of 3rd period - Shot by Justin Abdelkader.
18:12 of 3rd period - Stopped by Samuel Montembeault with a rebound.
18:14 of 3rd period - Shot by Sonny Milano.
18:14 of 3rd period - Shot Misses the Net.
18:16 of 3rd period - Shot by Justin Abdelkader.
18:16 of 3rd period - Stopped by Samuel Montembeault without a rebound.
18:17 of 3rd period - Brayden Schenn wins face-off versus Nazem Kadri in LOS ANGELES Kings zone.
19:30 of 3rd period - Shot by Brayden Point.
19:30 of 3rd period - Stopped by Samuel Montembeault without a rebound.
19:31 of 3rd period - Brock Nelson wins face-off versus Nicolas Roy in LOS ANGELES Kings zone.
19:40 of 3rd period - Shot by Sonny Milano.
19:40 of 3rd period - Shot Misses the Net.
19:42 of 3rd period - Shot by Sonny Milano.
19:42 of 3rd period - Shot Blocked by Derek Forbort.
19:44 of 3rd period - Shot by Justin Abdelkader.
19:44 of 3rd period - Stopped by Samuel Montembeault without a rebound.
19:45 of 3rd period - Timo Meier wins face-off versus Chandler Stephenson in LOS ANGELES Kings zone.
19:58 of 3rd period - Shot by Chandler Stephenson.
19:58 of 3rd period - Shot Misses the Net.
Goals for this period are 0 for LOS ANGELES Kings vs 2 for ARIZONA Coyotes .
Shots for this period are 5 for LOS ANGELES Kings vs 7 for ARIZONA Coyotes .